 Dungeon Crawl Stone Soup version 0.27.1-34-g3ba077fa99 (webtiles) character file.

Game seed: 17715936267240619081

14266 LLlMATKO the Fighter (level 11, -10/104 HPs)
             Began as a Minotaur Berserker on Dec 31, 2021.
             Was a High Priest of Trog.
             Killed from afar by an electric eel (11 damage)
             ... with a bolt of electricity
             ... on level 11 of the Dungeon on Jan 2, 2022.
             The game lasted 00:16:14 (13444 turns).

LLlMATKO the Fighter (Minotaur Berserker)          Turns: 13444, Time: 00:16:15

Health: -10/104    AC: 19    Str: 21    XL:     11   Next: 86%
Magic:  10/10      EV: 14    Int:  4    God:    Trog [*****.]
Gold:   532        SH:  5    Dex: 20    Spells: 10/10 levels left

rFire    . . .     SeeInvis +   K - +4 great mace (flame)
rCold    . . .     Faith    .   (shield currently unavailable)
rNeg     . . .     Spirit   .   r - +3 chain mail {Will+}
rPois    .         Reflect  +   (helmet restricted)
rElec    .         Harm     .   s - +0 cloak
rCorr    .         Rampage  .   i - +1 pair of gloves
Will     +....                  (no boots)
Stlth    ..........             Q - amulet of reflection
HPRegen  0.27/turn              x - +6 ring of dexterity
MPRegen  0.12/turn              L - ring of see invisible

@: on berserk cooldown, slowed, very slow
A: horns 2, retaliatory headbutt
a: Renounce Religion, Berserk, Trog's Hand, Brothers in Arms


You were on level 11 of the Dungeon.
You worshipped Trog.
Trog was extremely pleased with you.
You visited 1 branch of the dungeon, and saw 11 of its levels.

You collected 532 gold pieces.

Inventory:

Hand Weapons
 I - a +0 mace of protection
 K - a +4 great mace of flaming (weapon)
Missiles
 d - 159 bolts
 w - 13 boomerangs (quivered)
 E - 57 poisoned darts
 F - 3 curare-tipped darts
 J - 8 atropa-tipped darts
 O - 4 silver javelins
Armour
 i - a +1 pair of gloves (worn)
 r - a +3 chain mail of willpower (worn)
 s - a +0 cloak (worn)
 D - a +1 ring mail of poison resistance
Jewellery
 l - a ring of willpower
 u - a +6 ring of dexterity
 x - a +6 ring of dexterity (left hand)
 L - a ring of see invisible (right hand)
 Q - an amulet of reflection (around neck)
 S - a +6 ring of strength
 U - a ring of fire
Wands
 m - a wand of flame (23)
 q - a wand of charming (1)
 H - a wand of iceblast (18)
 T - a wand of paralysis (14)
Scrolls
 a - 2 scrolls of amnesia {unknown}
 f - 11 scrolls of teleportation {unknown}
 g - 14 scrolls of identify {unknown}
 k - 3 scrolls of immolation {unknown}
 o - a scroll of blinking {unknown}
 y - a scroll of silence {unknown}
 z - 2 scrolls of noise {unknown}
 C - 2 scrolls of fog {unknown}
 G - a scroll of brand weapon {unknown}
 M - 2 scrolls of summoning {unknown}
 N - a scroll of enchant armour {unknown}
Potions
 b - 3 potions of heal wounds {unknown}
 c - 2 potions of haste {unknown}
 e - 2 potions of ambrosia {unknown}
 h - a potion of berserk rage {unknown}
 j - 2 potions of magic {unknown}
 n - 4 potions of curing
 p - 3 potions of brilliance {unknown}
 t - 2 potions of might {unknown}
 v - a potion of resistance {unknown}
 A - a potion of attraction {unknown}
 B - a potion of invisibility {unknown}
 P - a potion of degeneration {unknown}
 R - a potion of flight {unknown}


   Skills:
 + Level 11.9 Fighting
 + Level 11.9 Maces & Flails
 + Level 11.6 Armour
 + Level 10.8 Dodging


You had 10 spell levels left.
You didn't know any spells.
Your spell library was empty.

Dungeon Overview and Level Annotations

Branches:
Dungeon (11/15)            Temple (0/1) D:6            Lair (0/6) D:10
    Orc (0/2) D:10

Altars:
Elyvilon
Fedhas
Hepliaklqana
Kikubaaqudgha
Makhleb
Ru
Sif Muna
Trog
Wu Jian
Xom
Yredelemnul
Zin
The Shining One

Shops:
D:5 (

Annotations:
D:11 2 transporters, carontestyx's ghost, journeyman TrMo


Innate Abilities, Weirdness & Mutations

You have a pair of horns on your head.
You reflexively headbutt those who attack you in melee.


Message History

The electric eel shoots out a bolt of lightning at you!
The bolt of electricity hits you.
The electric eel shoots out a bolt of lightning at you!
The bolt of electricity hits you.
The electric eel shoots out a bolt of lightning at you!
The bolt of electricity misses you.
The electric eel shoots out a bolt of lightning at you!
The bolt of electricity hits you.
The electric eel shoots out a bolt of lightning at you!
The bolt of electricity misses you.
You're still recovering from your berserk rage.
The electric eel shoots out a bolt of lightning at you!
The bolt of electricity hits you! The bolt of electricity hits you.
The bolt of electricity hits the electric eel.
The electric eel completely resists.
The electric eel shoots out a bolt of lightning at you!
The bolt of electricity hits you! x2
The bolt of electricity hits the electric eel.
The electric eel completely resists.
Okay, then.
You closely miss the electric eel.
The electric eel shoots out a bolt of lightning at you!
The bolt of electricity hits you. The bolt of electricity hits you!
The bolt of electricity hits the electric eel.
The electric eel completely resists.
You thump the electric eel! You burn the electric eel.
The electric eel is heavily wounded.
The electric eel shoots out a bolt of lightning at you!
The bolt of electricity hits you!
* * * LOW HITPOINT WARNING * * *
The electric eel shoots out a bolt of lightning at you!
The bolt of electricity hits you!
* * * LOW HITPOINT WARNING * * *
The bolt of electricity hits you!
* * * LOW HITPOINT WARNING * * *
The bolt of electricity hits the electric eel.
The electric eel completely resists.
The electric eel shoots out a bolt of lightning at you!
The bolt of electricity hits you!
You die...

.# #.##..........#####..# ..
.# #.##..........# ..# .. .#
#.##..#####...# #..# .. .#
#.....# #...# #....... ... .#
#.....# #...# #.##...# #.. .#
#..#..# #...# #.##...# #.. .#
#..#..# #...# #.##...# #.. .#
#..#..# #...# #.##...# #..
#..#..#####..@# #.##...# #..
#..#..##≈≈≈;≈.#####.##...# #..
#.......≈###≈.....(......###..
..≈≈≈≈;.............)...
##≈≈#≈≈.################ #≈
#≈≈.# # #≈≈.# ≈≈≈≈.# ≈###≈.#


You could see 2 electric eels.

Vanquished Creatures
  Fannar (D:10)
  3 two-headed ogres
  Nergalle (D:11)
  An orc knight (D:10)
  An ugly thing (D:11)
  4 centaur zombies
  2 komodo dragons
  Psyche (D:8)
  An unseen horror (D:10)
  A kobold demonologist (D:8)
  3 trolls
  3 hornets
  A meliai zombie (D:11)
  3 wyverns
  2 wraiths (D:10)
  Sigmund (D:2)
  A shadow (D:11)
  8 yaks
  Grum (D:10)
  A steam dragon (D:4)
  3 water moccasins (D:10)
  9 orc warriors
  4 black bears (D:10)
  An ice beast (D:7)
  A sky beast (D:5)
  3 wolves (D:10)
  3 centaurs
  2 phantoms
  10 kobold brigands
  2 bullfrogs
  2 scorpions
  3 wights (D:8)
  3 howler monkeys
  2 electric eels (D:10)
  A bullfrog zombie (D:5)
  3 jellies
  9 orc priests
  2 centaur skeletons (D:6)
  2 hounds (D:4)
  A bullfrog skeleton (D:5)
  9 orc wizards
  Natasha (thrice) (D:2)
  An iguana (D:6)
  Ijyb (D:3)
  A killer bee zombie (D:7)
  2 howler monkey zombies (D:10)
  Robin (D:3)
  2 adders
  5 gnolls
  A shadow imp (D:8)
  2 adder zombies (D:4)
  2 worms
  5 dart slugs
  44 orcs
  5 ball pythons
  5 bats
  4 endoplasms
  2 giant cockroaches
  15 goblins
  8 hobgoblins
  3 jackals (D:4)
  22 kobolds
  2 quokkas (D:1)
  4 frilled lizards
  5 rats
260 creatures vanquished.

Vanquished Creatures (others)
  36 fungi (D:10)
  38 plants (D:10)
74 creatures vanquished.

Grand Total: 334 creatures vanquished

Notes
Turn   | Place    | Note
-------+----------+-------------------------------------------
     0 | D:1      | LLlMATKO the Minotaur Berserker began the quest for the
                  | Orb.
     0 | D:1      | Reached XP level 1. HP: 19/19 MP: 0/0
   113 | D:1      | Reached XP level 2. HP: 18/27 MP: 1/1
   619 | D:1      | Reached XP level 3. HP: 33/33 MP: 2/2
   623 | D:1      | Reached ** piety under Trog
   646 | D:1      | You fall into a shaft and drop 1 floor!
   749 | D:2      | Noticed Sigmund
   755 | D:2      | Killed Sigmund
   756 | D:2      | Reached XP level 4. HP: 41/41 MP: 3/3
   756 | D:2      | Reached XP level 5. HP: 47/47 MP: 4/4
  1429 | D:2      | Noticed Natasha
  1437 | D:2      | Killed Natasha
  1476 | D:2      | Found a faded altar of an unknown god.
  1484 | D:2      | Reached skill level 5 in Maces & Flails
  1557 | D:2      | Noticed Natasha
  1571 | D:2      | Killed Natasha
  1572 | D:2      | Reached skill level 5 in Fighting
  2033 | D:2      | Found a faded altar of an unknown god.
  2215 | D:2      | Noticed Natasha
  2221 | D:2      | Killed Natasha
  2222 | D:2      | Reached XP level 6. HP: 52/56 MP: 5/5
  2647 | D:3      | Noticed Ijyb
  2663 | D:3      | Killed Ijyb
  2929 | D:3      | Noticed Robin
  2957 | D:3      | Killed Robin
  3004 | D:3      | Found a blossoming altar of Fedhas.
  3075 | D:3      | Reached *** piety under Trog
  3377 | D:4      | Reached XP level 7. HP: 62/62 MP: 6/6
  3452 | D:4      | Found a sacrificial altar of Ru.
  3493 | D:4      | Noticed a steam dragon
  3503 | D:4      | Killed a steam dragon
  3504 | D:4      | Reached skill level 5 in Armour
  3504 | D:4      | Upgraded the game from 0.27.1-33-g824d729ab1 to
                  | 0.27.1-34-g3ba077fa99
  3726 | D:4      | Found a burning altar of Makhleb.
  3873 | D:4      | Reached skill level 5 in Dodging
  3914 | D:4      | Found a basalt altar of Yredelemnul.
  4037 | D:5      | Entered Level 5 of the Dungeon
  4125 | D:5      | Found a hazy altar of Hepliaklqana.
  4220 | D:5      | Found a shimmering blue altar of Sif Muna.
  4566 | D:5      | Found Xokhuiz's Weapon Shoppe.
  4595 | D:5      | Reached XP level 8. HP: 71/71 MP: 7/7
  4809 | D:6      | Reached **** piety under Trog
  4997 | D:6      | Found a staircase to the Ecumenical Temple.
  5077 | D:6      | Noticed a two-headed ogre
  5086 | D:6      | Killed a two-headed ogre
  5462 | D:6      | Found an ancient bone altar of Kikubaaqudgha.
  5557 | D:6      | Reached XP level 9. HP: 73/81 MP: 8/8
  6879 | D:7      | Found a shimmering altar of Xom.
  7001 | D:8      | Noticed a kobold demonologist
  7003 | D:8      | Noticed an ice devil
  7029 | D:8      | Killed a kobold demonologist
  7297 | D:8      | Reached ***** piety under Trog
  7457 | D:8      | Reached XP level 10. HP: 80/91 MP: 9/9
  7779 | D:8      | Noticed Psyche
  7785 | D:8      | Killed Psyche
  7877 | D:8      | Found a bloodstained altar of Trog.
  7928 | D:8      | Received a gift from Trog
  8612 | D:9      | Reached skill level 10 in Maces & Flails
  8639 | D:9      | Reached skill level 10 in Fighting
  8765 | D:9      | Found a white marble altar of Elyvilon.
  8765 | D:9      | Found a glowing golden altar of the Shining One.
  8766 | D:9      | Found a glowing silver altar of Zin.
  9116 | D:10     | Entered Level 10 of the Dungeon
  9125 | D:10     | Noticed Fannar
  9137 | D:10     | Killed Fannar
  9169 | D:10     | Reached skill level 10 in Armour
  9907 | D:9      | Found a white marble altar of Elyvilon.
  9907 | D:9      | Found a glowing golden altar of the Shining One.
  9908 | D:9      | Found a glowing silver altar of Zin.
 10202 | D:10     | Identified the +7 bardiche of Ihavojy {holy, Stlth+}
 10303 | D:9      | Reached XP level 11. HP: 70/101 MP: 10/10
 10454 | D:10     | Found a staircase to the Lair.
 10698 | D:10     | Noticed an orc knight
 10713 | D:10     | Killed an orc knight
 10713 | D:10     | HP: 7/151 [orc (21)]
 11275 | D:10     | Reached skill level 10 in Dodging
 11503 | D:10     | Found a staircase to the Orcish Mines.
 11901 | D:10     | Found an ornate altar of the Wu Jian Council.
 12084 | D:10     | Noticed Grum
 12095 | D:10     | Killed Grum
 12314 | D:10     | Found a staircase to the Lair.
 12666 | D:10     | Found an ornate altar of the Wu Jian Council.
 12877 | D:10     | Found a staircase to the Orcish Mines.
 12983 | D:11     | Noticed a white ugly thing
 12992 | D:11     | Killed a white ugly thing
 13031 | D:11     | Noticed carontestyx's ghost (journeyman TrMo)
 13032 | D:11     | Found a transporter.
 13186 | D:11     | Found a transporter.
 13251 | D:11     | Noticed a two-headed ogre
 13259 | D:11     | Killed a two-headed ogre
 13268 | D:11     | Noticed a two-headed ogre
 13275 | D:11     | Killed a two-headed ogre
 13413 | D:11     | Noticed Nergalle
 13418 | D:11     | Killed Nergalle
 13442 | D:11     | HP: 1/104 [electric eel/bolt of electricity (9)]
 13444 | D:11     | Killed from afar by an electric eel

Illustrated notes

Levels and vault maps discovered:
D:1:      lightli_arrival_noodles, layout_basic, minmay_tall_x
D:2:      layout_basic, serial_glass, glass_columns_c, glass_columns_b,
          shapermc_ecumenical_altar_petra, uniq_natasha, uniq_sigmund
D:3:      layout_rooms, lemuel_doored_altar, kennysheep_cluttered_room,
          uniq_robin, uniq_ijyb
D:4:      layout_rooms, lemuel_zombie_altar_yredelemnul,
          makhleb_blood_cavern_becter, lemuel_coloured_pillars_altar
D:5:      layout_loops_cross, overflow_temple_1_default,
          nzn_hepliaklqana_mist_gate, serial_shops, kennysheep_little_box
D:6:      wander_river, layout_basic, mainiacjoe_overflow_alcove_2,
          minmay_temple_entry_nine_rooms
D:7:      layout_basic, tgw_xom
D:8:      layout_basic, trog_book, special_room [special_room_kobold],
          uniq_psyche
D:9:      layout_basic, good_gods_temple_1, minmay_puff
D:10:     layout_loops_corners, nzn_wu_jian_council_hall,
          due_lair_maze_entry_diamond, erik_orc_2, uniq_fannar, uniq_grum
D:11:     layout_long_grid, gammafunk_ghost_stat_death, minmay_crystal_water,
          uniq_nergalle

Skill      XL: |  1  2  3  4  5  6  7  8  9 10 11 |
---------------+----------------------------------+-----
Maces & Flails | 4 5 6 8 9 10 11 | 11.9
Fighting       | 4 5 6 8 9 10 11 | 11.9
Armour         | 3 4 5 7 8 10 11 | 11.6
Dodging        | 3 4 5 6 8 9 10 | 10.8

Action                   |  1- 3 |  4- 6 |  7- 9 | 10-12 || total
-------------------------+-------+-------+-------+-------++-------
Melee: Mace              |    44 |   113 |    48 |    14 ||   219
       Headbutt          |     6 |    26 |    71 |    60 ||   163
       Morningstar       |       |       |   161 |     3 ||   164
       Flail             |       |       |     1 |       ||     1
       Great mace        |       |       |       |   217 ||   217
Throw: Boomerang         |       |       |     1 |    36 ||    37
       Dart              |       |       |       |     7 ||     7
Invok: Berserk           |     1 |     3 |     4 |     4 ||    12
Armor: Animal skin       |     5 |     1 |       |       ||     6
       Chain mail        |       |    54 |   118 |   106 ||   278
Dodge: Dodged            |    31 |    69 |   145 |   190 ||   435
Block: Other             |       |       |       |    10 ||    10
